 Dungeon Crawl Stone Soup version 0.28.0-43-g3370ac3207 (webtiles) character file.

Game seed: 10031962888865787102

74 demenzo the Ducker (level 4, 0/23 HPs)
             Began as a Spriggan Fighter on Mar 10, 2022.
             Slain by an orc wizard
             ... wielding a +0 dagger
              (1 damage)
             ... on level 2 of the Dungeon.
             The game lasted 00:03:07 (2792 turns).

demenzo the Ducker (Spriggan Fighter)               Turns: 2792, Time: 00:03:07

Health: 0/23       AC:  3    Str: 14    XL:     4   Next: 10%
Magic:  5/5        EV: 17    Int:  9    God:
Gold:   129        SH:  6    Dex: 14    Spells: 3/3 levels left

rFire   . . .      SeeInvis +   a - +0 long sword
rCold   . . .      Faith    .   c - +0 buckler
rNeg    . . .      Spirit   .   b - +0 robe
rPois   .          Reflect  .   (helmet restricted)
rElec   .          Harm     .   m - +0 cloak
rCorr   .          Rampage  .   (gloves unavailable)
Will    .....                   (boots unavailable)
Stlth   ++........              (no amulet)
HPRegen 0.07/turn               (no ring)
MPRegen 0.09/turn               (no ring)

@: mighty, very quick
A: very small, no large weapons, unfitting armour, see invisible, speed 3
a: no special abilities


You were on level 2 of the Dungeon.
You visited 1 branch of the dungeon, and saw 3 of its levels.

You collected 129 gold pieces.

Inventory:

Hand Weapons
 a - a +0 long sword (weapon)
 g - a +0 hunting sling
Missiles
 f - 59 stones (quivered)
 i - 20 arrows
 j - 13 bolts
Armour
 b - a +0 robe (worn)
 c - a +0 buckler (worn)
 m - a +0 cloak (worn)
Scrolls
 e - a scroll of blinking {unknown}
 h - 4 scrolls of teleportation {unknown}
 k - a scroll of fog {unknown}
 l - a scroll of identify {unknown}


   Skills:
 + Level 2.8 Fighting
 * Level 2.6 Long Blades
 + Level 4.6 Dodging
 + Level 2.4 Stealth
 - Level 2.1 Shields


You had 3 spell levels left.
You didn't know any spells.
Your spell library contained the following spells:

 Spells                   Type           Power      Damage    Failure   Level
 Corpse Rot               Necr/Air       0%         N/A       77%         2
 Poisonous Vapours        Pois/Air       0%         N/A       77%         2
 Static Discharge         Conj/Air       0%         N/A       77%         2
 Dispel Undead            Necr           0%         3d6       100%        4
 Sticky Flame             Conj/Fire      0%         2d3       100%        4


Dungeon Overview and Level Annotations

Branches:
Dungeon (3/15)

Altars:
Makhleb


Innate Abilities, Weirdness & Mutations

You are very small and have problems with some larger weapons.
You are too small for most types of armour.
You have supernaturally acute eyesight. (SInv)
You cover ground extremely quickly. (Speed+++)


Message History

No target in view!
You start resting.
HP restored.
You climb downwards.
The orc wizard gestures at you while chanting.
You are confused.
There is a stone staircase leading up here.
You are too confused!
You are too confused!
The orc wizard closely misses you.
You climb upwards.
There is a stone staircase leading down here.
You can't go up here!
You can't go up here!
You can't go up here!
You can't go up here!
The orc wizard gestures at you while chanting.
The puff of flame hits you.
You're too confused to move!
The orc wizard casts a spell.
The orc wizard flickers and vanishes for a moment.
You feel less confused. The orc wizard barely misses you.
You hit the orc wizard but do no damage.
The orc wizard hits you but does no damage.
You barely miss the orc wizard.
The orc wizard hits you with a +0 dagger. x2
You closely miss the orc wizard.
The orc wizard points at you and mumbles some strange words.
The puff of flame hits you.
You hit the orc wizard.
The orc wizard is moderately wounded.
The orc wizard points at you and mumbles some strange words.
The magic dart hits you!
* * * LOW HITPOINT WARNING * * *
The orc wizard closely misses you.
Unknown command.
You feel very mighty all of a sudden.
The orc wizard hits you with a +0 dagger.
You die...

.#..#.........#..#..## #....†.
.##...........#.....# ##...<.
.##........##.#....## ##.....
.##.#.#....##.#)...# #......
......#######.#.#.## #).....
.#..### #.#.#.##### #......
.#..## #.....#...#####......
.#...## ##..).#..............
.#....########.o@.........##.....
.#......#...##..#..#.._...##..[..
..........................##.####
..............#>##........##.#
................###.#####....#
...............## #.# #...###
.............### #.#####.)...#
##...........### #...##..###.#
#.........#...######....## #.##


You could see an orc wizard (invisible).

Vanquished Creatures
  A hound (D:2)
  A worm (D:2)
  A dart slug (D:3)
  2 orcs
  7 ball pythons
  3 bats
  5 endoplasms
  A giant cockroach (D:2)
  3 goblins
  2 hobgoblins
  2 quokkas (D:2)
  2 frilled lizards
  2 kobolds
  A rat (D:2)
33 creatures vanquished.

Notes
Turn   | Place    | Note
-------+----------+-------------------------------------------
     0 | D:1      | demenzo the Spriggan Fighter began the quest for the Orb.
     0 | D:1      | Reached XP level 1. HP: 11/11 MP: 2/2
   122 | D:1      | Reached skill level 1 in Stealth
   225 | D:1      | Reached XP level 2. HP: 7/16 MP: 3/3
  1379 | D:2      | Found a burning altar of Makhleb.
  1626 | D:2      | Reached XP level 3. HP: 8/19 MP: 4/4
  2317 | D:3      | Reached XP level 4. HP: 4/23 MP: 5/5
  2791 | D:2      | HP: 1/23 [orc wizard/magic dart (8)]
  2792 | D:2      | Slain by an orc wizard

Illustrated notes

Levels and vault maps discovered:
D:1:      minmay_arrival_four_circles, layout_loops_ring, serial_glass,
          glass_columns_c, glass_columns_c, glass_columns_b, glass_columns_a,
          glass_columns_b, glass_columns_b, glass_columns_c, glass_columns_b,
          minmay_strange_pillars, due_unseen_surprise
D:2:      layout_rooms, basic_altar, minmay_misc_feat_encased
D:3:      layout_loops_ring, hellmonk_ecumenical_altar_blasted

Skill      XL: |  1  2 |
---------------+-------+-----
Stealth        | 1 2 |  2.4
Long Blades    | 2 |  2.6
Fighting       | |  2.8
Dodging        | |  4.6
Shields        | |  2.1

Action                   |  1- 3 |  4- 6 || total
-------------------------+-------+-------++-------
Melee: Long sword        |    97 |    13 ||   110
  Use: Potion            |       |     1 ||     1
 Stab: Sleeping          |     5 |       ||     5
Armor: Robe              |    13 |     2 ||    15
Dodge: Dodged            |    71 |     6 ||    77
Block: Buckler           |    30 |     5 ||    35
